 Dungeon Crawl Stone Soup version 0.31-a0-662-g684573625c (webtiles) character file.

Game seed: 5031756833382252657

110 fingers the Cudgeller (level 4, 0/4 HPs)
             Began as an Armataur Berserker on Sept 1, 2023.
             Was a Believer of Trog.
             Slain by an orc
             ... wielding a +1 short sword of freezing
              (4 damage)
             ... on level 4 of the Dungeon.
             The game lasted 00:05:29 (2659 turns).

fingers the Cudgeller (Armataur Berserker)          Turns: 2659, Time: 00:05:30

Health: 0/4        AC:  4    Str: 24    XL:     4   Next: 61%
Magic:  13/13      EV: 10    Int:  8    God:    Trog [**....]
Gold:   145        SH:  0    Dex:  9    Spells: 3/3 levels left

rFire   . . .        r - +7 hand axe of Due Proportion {venom, rC+ rN+ MP+9 Stlth-}
rCold   + . .        (no shield)
rNeg    + . .        u - melded +0 ice dragon scales
rPois   .            (no helmet)
rElec   .            o - +0 cloak
rCorr   .            (no gloves)
SInv    .            (no barding)
Will    .....        (no amulet) Stlth
                     q - +4 ring of slaying
HPRegen 0.20/turn    (no ring)
MPRegen 0.13/turn

%: roll
@: maw-form
A: devouring maw, reduced hp, large, rugged brown scales 3, deformed body,
armoured tail, roll, long tongue, awkward tongue
a: Begin Untransformation, Renounce Religion, Berserk, Trog's Hand


You were on level 4 of the Dungeon.
You worshipped Trog.
Trog was pleased with you.
You were a creature with a mouth for a stomach.
You visited 1 branch of the dungeon, and saw 4 of its levels.

You collected 145 gold pieces.

Inventory:

Hand Weapons
 a - a +0 mace
 p - a +2 heavy trident
 r - the +7 hand axe of Due Proportion (weapon) {venom, rC+ rN+ MP+9 Stlth-}
   (You found it on level 3 of the Dungeon)

   rC+:       It protects you from cold.
   rN+:       It protects you from negative energy.
   MP+9:      It affects your magic capacity (+9).
   Stlth-:    It makes you less stealthy.
Missiles
 j - a boomerang
Armour
 b - a +0 animal skin
 e - a +0 chain mail
 o - a +0 cloak (worn)
 u - +0 ice dragon scales (melded)
 v - a +0 buckler
Jewellery
 q - a +4 ring of slaying (left hand)
Talismans
 x - a maw talisman (active)
Scrolls
 d - 4 scrolls of blinking {unknown}
 f - a scroll of poison {unknown}
 h - 2 scrolls of fog {unknown}
 k - a scroll of revelation {unknown}
 m - a scroll of immolation {unknown}
 n - 3 scrolls of identify {unknown}
 t - a scroll of silence {unknown}
 y - a scroll of teleportation {unknown}
Potions
 c - 3 potions of curing {unknown}
 g - a potion of haste {unknown}
 i - 3 potions of heal wounds {unknown}
 l - a potion of degeneration {unknown}
 s - a potion of magic {unknown}
 w - a potion of brilliance {unknown}
 z - a potion of might {unknown}


   Skills:
 + Level 3.2 Fighting
 * Level 0.5(2.1) Axes
 - Level 3.6 Maces & Flails
 + Level 3.4 Armour
 + Level 2.0 Dodging


You had 3 spell levels left.
You didn't know any spells.
Your spell library was empty.

Dungeon Overview and Level Annotations

Branches:
Dungeon (4/15)
 Temple: D:4-7

Altars:
Elyvilon
Gozag
Yredelemnul


Innate Abilities, Weirdness & Mutations

You are a creature with a mouth for a stomach.
Your midsection houses a second, enormous mouth.
Your maximum health is decreased, since you lack skill for your form.
You are completely covered in rugged brown scales. (AC +3, +7% HP)
Armour fits poorly on your strangely shaped body.
You have a long armoured tail.
You roll when moving toward enemies. (Rampage)
Your long tongue fully drains potion bottles. (2x potion effects)
Your tongue gives you trouble enunciating. (1.5x scroll delay)


Message History

The orc is severely wounded.
The orc barely misses you.
You slash the orc!
You kill the orc!
Trog accepts your kill.
There is an open door here.
Items here: ( ))) [ †††.
There is an open door here.
Items here: ( ))) [ †††.
You see here a +0 shortbow.
There is a stone staircase leading up here.
Done exploring.
Done exploring.
Done exploring.
There is a stone staircase leading down here.
You climb downwards.
You hear the hiss of flowing sand.
There is an entrance to an ossuary on this level.
Hurry and find it before the portal is buried!
Found a hand axe.
Found a stone staircase leading down.
There is a stone staircase leading up here.
You open the door.
Found a glowing puce potion.
An orc comes into view.
It is wielding a +1 short sword of freezing.
The orc shouts!
You hear a shout!
There is an open door here.
You roll towards the orc!
An orc priest comes into view. It is wielding a +0 mace.
An orc comes into view. It is wielding a +0 hand axe.
The orc shouts!
The orc priest shouts!
An orc comes into view. It is wielding a +0 club.
You roll towards the orc!
An orc comes into view. It is wielding a +0 club.
The orc shouts! x2
The orc moves out of view.
You roll towards the orc priest!
You closely miss the orc priest. Your punch misses the orc priest.
Your bite misses the orc priest. You hit the orc.
The orc is poisoned.
The orc hits you with a +1 short sword of freezing.
Ouch! That really hurt!
You die...

#.. #.....# #..
#.....# #... #.....#
#... ....# #....
...########
#....####+##........#
#.......!..#........#
#...ooW....'........#
#...o..o...#.....<..#
#....##....#........#
#...o
###'##.........# #...
...#.....>...+ #...
....#.........# #..
.....#.........# ##+
#####.#.....)...#
####.....##


You could see an orc priest and 4 orcs.

Vanquished Creatures
  A gnoll (D:3)
  3 adders
  4 worms
  2 dart slugs (D:3)
  3 orcs (D:3)
  4 endoplasms
  3 giant cockroaches
  6 goblins
  6 hobgoblins
  2 quokkas (D:3)
  4 ball pythons
  4 bats
  2 frilled lizards
  6 kobolds (D:3)
  5 rats
55 creatures vanquished.

Notes
Turn   | Place    | Note
-------+----------+-------------------------------------------
     0 | D:1      | fingers the Armataur Berserker began the quest for the Orb.
     0 | D:1      | Reached XP level 1. HP: 19/19 MP: 1/1
   399 | D:1      | Reached XP level 2. HP: 26/26 MP: 2/2
   825 | D:2      | Found an opulent altar of Gozag.
   986 | D:2      | Reached XP level 3. HP: 32/32 MP: 3/3
  1281 | D:2      | Reached ** piety under Trog
  1817 | D:3      | Identified the +7 hand axe of Due Proportion {venom, rC+
                  | rN+ MP+9 Stlth-}
  1849 | D:3      | Reached XP level 4. HP: 28/40 MP: 4/4
  1950 | D:3      | Found a white marble altar of Elyvilon.
  2236 | D:3      | Found a basalt altar of Yredelemnul.
  2659 | D:4      | Slain by an orc

Illustrated notes

Levels and vault maps discovered:
D:1:      eino_arrival_cavern_a, layout_basic, kennysheep_nondescript,
          minmay_tall_x
D:2:      layout_loops_ring, basic_altar
D:3:      layout_rooms, mainiacjoe_overflow_six_doors_small,
          nicolae_overflow_hidden_temple, cheibrodos_sewer_entry_bend,
          minmay_pentangle
D:4:      layout_gridville, gup_ossuary_entry_pyramid, uniq_sigmund, uniq_robin

Skill      XL: |  1  2  3  4 |
---------------+-------------+-----
Maces & Flails | 3 |  3.6
Fighting       | 3 |  3.2
Armour         | 3 |  3.4
Dodging        | 2 |  2.0
Axes           | |  0.5

Action                     |  1- 3 |  4- 6 || total
---------------------------+-------+-------++-------
  Melee: Mace              |    72 |    13 ||    85
         Tailslap          |     9 |     4 ||    13
         Hand axe          |       |    29 ||    29
  Throw: Boomerang         |    30 |       ||    30
 Invoke: Berserk           |     1 |     1 ||     2
 Armour: Chain mail        |    79 |    13 ||    92
         Animal skin       |     5 |       ||     5
         Ice dragon scales |       |    11 ||    11
         Skin              |       |     7 ||     7
  Dodge: Dodged            |    30 |    12 ||    42
   Form: Maw               |       |     1 ||     1

Table legend: (Time is in decaauts)
 A = Elapsed time spent in this place.
 B = Non-inter-level travel time spent in this place.
 C = Inter-level travel time spent in this place.
 D = Time resting spent in this place.
 E = Time spent auto-exploring this place.
 F = Levels seen in this place.
 G = Mean time per level.
                   A        B        C        D        E       F      G
               +--------+--------+--------+--------+--------+-----+--------+
         Total |   2713 |   2455 |    258 |      0 |   1814 |   4 |  678.2 |
       Dungeon |   2713 |   2455 |    258 |      0 |   1814 |   4 |  678.2 |
               +--------+--------+--------+--------+--------+-----+--------+

Top non-repeatable levels by time:
     D:3: 985 daAuts
     D:2: 927 daAuts
     D:1: 789 daAuts
     D:4: 10 daAuts
